 Dungeon Crawl Stone Soup version 0.20-a0-1086-g4bd2f5b (webtiles) character file.

17 Chaoticas the Conjurer (level 2, 0/15 HPs)
             Began as a Deep Elf Conjurer on May 1, 2017.
             Slain by a jackal (2 damage)
             ... on level 1 of the Dungeon.
             The game lasted 00:02:03 (429 turns).

Chaoticas the Conjurer (Deep Elf Conjurer)           Turns: 429, Time: 00:02:04

Health: 0/15       AC:  2    Str:  5    XL:     2   Next: 44%
Magic:  1/8        EV: 13    Int: 19    God:
Gold:   50         SH:  0    Dex: 15    Spells: 7/8 levels left

rFire    . . .     SeeInvis .   (no weapon)
rCold    . . .     Gourm    .   (no shield)
rNeg     . . .     Faith    .   b - +0 robe (curse)
rPois    .         Spirit   .   (no helmet)
rElec    .         Reflect  .   (no cloak)
rCorr    .         Harm     .   (no gloves)
MR       .....                  (no boots)
Stlth    ++........             (no amulet)
Regen    0.1/turn               (no ring)
MPRegen  0.2/turn               (no ring)

@: no status effects
A: no striking features
a: no special abilities


You were on level 1 of the Dungeon.
You were not hungry.

You visited 1 branch of the dungeon, and saw 1 of its levels.

You collected 50 gold pieces.

Inventory:

Armour
 a - a +0 robe
 b - a cursed +0 robe (worn)
   (You found it on level 1 of the Dungeon)
Potions
 d - a potion of curing {unknown}
Books
 A - a book of Conjurations

   Spells                             Type                      Level
   a - Magic Dart                     Conjuration                  1
   b - Searing Ray                    Conjuration                  2
   c - Dazzling Spray                 Conjuration/Hexes            3
   d - Fulminant Prism                Conjuration/Hexes            4
   e - Force Lance                    Conjuration/Translocation    4
   f - Iskenderun's Mystic Blast      Conjuration                  4
Comestibles
 c - a bread ration
 f - a royal jelly
 Z - a chunk of flesh


   Skills:
 + Level 2.8 Dodging
 - Level 2.4 Stealth
 * Level 3.5 Spellcasting
 * Level 4.7 Conjurations


You had 7 spell levels left.
You knew the following spells:

 Your Spells              Type           Power        Failure   Level  Hunger
a - Magic Dart            Conj           ###.         1%          1    None


Dungeon Overview and Level Annotations

Branches:
Dungeon (1/15)

Altars:


Message History

Aiming: Magic Dart
Press: ? - help, Shift-Dir - straight line, f/p - jackal
Aim: a jackal (severely wounded)
The magic dart hits the jackal.
The jackal is severely wounded.
* * * LOW MAGIC WARNING * * *
The jackal misses you. x2
You barely miss the jackal.
The jackal is severely wounded.
The jackal barely misses you. The jackal closely misses you.
The jackal bites you but does no damage.
You hit the jackal but do no damage. The jackal closely misses you.
The jackal bites you.
* * * LOW HITPOINT WARNING * * *
The jackal barely misses you. The jackal bites you.
* * * LOW HITPOINT WARNING * * *
The jackal barely misses you. The jackal closely misses you.
The jackal bites you.
* * * LOW HITPOINT WARNING * * *
The jackal closely misses you.
Casting: Magic Dart
Confirm with . or Enter, or press ? or * to list all spells.
Aiming: Magic Dart
Press: ? - help, Shift-Dir - straight line, f/p - jackal
Aim: a jackal (severely wounded)
The magic dart hits the jackal.
The jackal is severely wounded.
* * * LOW MAGIC WARNING * * *
The jackal barely misses you. x2
Casting: Magic Dart
Confirm with . or Enter, or press ? or * to list all spells.
You don't have enough magic to cast that spell.
Unknown command.
The jackal barely misses you.
Casting: Magic Dart
Confirm with . or Enter, or press ? or * to list all spells.
Aiming: Magic Dart
Press: ? - help, Shift-Dir - straight line, f/p - jackal
Aim: a jackal (severely wounded)
The magic dart hits the jackal.
You kill the jackal!
* * * LOW MAGIC WARNING * * *
Casting: Magic Dart
Confirm with . or Enter, or press ? or * to list all spells.
You don't have enough magic to cast that spell.
Unknown command.
The jackal completely misses you. The jackal bites you.
You die...

# #.#.# .....#.).....
#.##.#.# .....####.###
#......# #### #.......
####.### #.##.##. #.#
#.##.##. #.#
#########.##.... #.#
#.......#.###...
#.#####....##...##....
#....@h..#.........#..
#######..##..#+#..##.#
#...####⌠####..#
#.8..''⌠<⌠++..8#
#...####⌠####..#
#..##..#+#..##..
#..#.........#..
##...##...##....
############.#.


You could see a jackal.

Vanquished Creatures
  An ooze (D:1)
  2 goblins (D:1)
  2 hobgoblins (D:1)
  2 jackals (D:1)
  A bat (D:1)
  A kobold (D:1)
  3 rats (D:1)
12 creatures vanquished.

Notes
Turn   | Place    | Note
-------+----------+-------------------------------------------
     0 | D:1      | Chaoticas the Deep Elf Conjurer began the quest for the Orb.
     0 | D:1      | Reached XP level 1. HP: 10/10 MP: 6/6
   323 | D:1      | Reached XP level 2. HP: 15/15 MP: 5/8
   399 | D:1      | HP: 7/15 [jackal (1)]
   401 | D:1      | HP: 3/15 [jackal (1)]
   407 | D:1      | HP: 3/15 [jackal (1)]
   411 | D:1      | HP: 1/15 [jackal (1)]
   429 | D:1      | Slain by a jackal

Vault maps used:
D:1:      grunt_arrival_crossed_arrows, hangedman_decor_slide_cut

Action                   || total
-------------------------++-------
Melee: Unarmed           ||     6
 Cast: Magic Dart        ||    27
Armor: Robe              ||     2
Dodge: Dodged            ||    23
